[Event "Titled Tuesday Blitz March 28 Early 2023"]
[White "Roebers, Eline"]
[Black "Gronnestad, Anita"]
[WhiteFideId "1058401"]
[BlackFideId "1502972"]
[WhiteElo "2511"]
[BlackElo "1939"]
[Result "1-0"]
[Round "02"]
[TimeControl "180+2"]
[Date "2023.03.28"]
[WhiteClock "0:00:27"]
[BlackClock "0:00:01"]

1. e4 c6 2. Nf3 d5 3. Nc3 dxe4 4. Nxe4 Nf6 5. Qe2 Nxe4 6. Qxe4 Nd7 7. Bc4 Nf6 8. Ne5 e6 9. Qe2 Bd6 10. O-O O-O 11. d4 Qc7 12. Bg5 Nd5 13. Bh4 b5 14. Bb3 a6 15. c3 Bb7 16. Bc2 Nf4 17. Qe3 Ng6 18. Bg3 c5 19. Nxg6 Bxg3 20. Nxf8 Bxh2+ 21. Kh1 Kxf8 22. dxc5 Bf4 23. Qh3 Qc6 24. Rad1 h5 25. Rfe1 Qxc5 26. Rd7 Qxf2 27. Rg1 Bc6 28. Rd4 Be3 29. Rdd1 Re8 30. Rgf1 Qe2 31. Bd3 Qxb2 32. Bg6 Re7 33. Rd8+ Be8 34. Qxe3 h4 35. Qc5 h3 36. Rxe8+ Kxe8 37. Qc8# 1-0


[Site "https://www.chess.com"]

[Event "Titled Tuesday Blitz March 28 Early 2023"]
[White "Lukas2010"]
[Black "Mika, Tomasz"]
[BlackFideId "1132970"]
[WhiteElo "2510"]
[BlackElo "2179"]
[Result "0-1"]
[Round "02"]
[TimeControl "180+2"]
[Date "2023.03.28"]
[WhiteClock "0:00:12"]
[BlackClock "0:00:08"]

1. e4 d6 2. d4 Nf6 3. Nc3 g6 4. Be3 a6 5. f3 Bg7 6. Qd2 Nc6 7. O-O-O O-O 8. h4 h5 9. Nh3 b5 10. Bh6 b4 11. Nd5 a5 12. Bxg7 Kxg7 13. Nf2 e6 14. Ne3 e5 15. dxe5 dxe5 16. Qe1 Qe7 17. Nd5 Qe6 18. Bc4 Qd6 19. Qe3 Nd4 20. f4 Qc5 21. fxe5 Nxd5 22. Qxd4 Qxd4 23. Rxd4 Ne3 24. Bd5 Ra6 25. g3 Rd8 26. Rd3 Ng4 27. Nxg4 Bxg4 28. Rf1 Rd7 29. Rf4 Re7 30. Rd2 c6 31. Bc4 Raa7 32. Rdf2 Be6 33. Bd3 a4 34. b3 c5 35. Rf6 Rec7 36. Kd2 axb3 37. axb3 Ra2 38. Ke3 Rd7 39. g4 Bxg4 40. Bc4 Be6 41. Bxe6 fxe6 42. Rxe6 Ra1 43. Rg2 Re1+ 44. Kf2 Rd2+ 45. Kxe1 Rxg2 46. Re7+ Kf8 47. Rc7 Rxc2 48. e6 Ke8 49. Rg7 Rc3 50. Rxg6 Ke7 51. Rh6 Rxb3 52. Rxh5 c4 53. Rc5 Rc3 54. h5 b3 55. Kd2 Rd3+ 56. Kc1 c3 57. Rc7+ Kxe6 58. Rb7 b2+ 59. Kc2 Rh3 60. h6 Ke5 61. h7 Kd4 62. Rd7+ Kxe4 63. Re7+ Kd4 64. Rd7+ Ke5 65. Re7+ Kd6 66. Rb7 Kc6 67. Rb3 Kd5 68. Rb5+ Kc4 69. Rb7 Rh2+ 70. Kb1 Rh1+ 71. Ka2 Rh2 72. Rc7+ Kd3 73. Rd7+ Kc2 74. Rb7 Rh1 75. Rxb2+ cxb2 76. h8=Q Rxh8 77. Ka3 Ra8+ 78. Kb4 b1=Q+ 79. Kc4 Qb2 80. Kd5 Rb8 81. Ke6 Rb7 82. Kf5 Rb3 83. Kg6 Qc3 84. Kh5 Qd2 85. Kg6 Re3 86. Kh7 Qf2 87. Kg8 Rg3+ 0-1


[Site "https://www.chess.com"]

[Event "Titled Tuesday Blitz March 28 Early 2023"]
[White "Xu, Daniel"]
[Black "TheKnightOfBosnia"]
[WhiteFideId "2627345"]
[WhiteElo "1980"]
[BlackElo "2508"]
[Result "1-0"]
[Round "02"]
[TimeControl "180+2"]
[Date "2023.03.28"]
[WhiteClock "0:00:34"]
[BlackClock "0:00:40"]

1. e4 e5 2. Nf3 Nc6 3. Bb5 a6 4. Ba4 Nf6 5. O-O b5 6. Bb3 Bb7 7. Re1 Bc5 8. c3 O-O 9. h3 d6 10. d4 Bb6 11. Bc2 h6 12. a3 Re8 13. Be3 exd4 14. cxd4 Qd7 15. Nc3 b4 16. axb4 Nxb4 17. Ba4 Bc6 18. Bxc6 Qxc6 19. d5 Qc4 20. Bxb6 cxb6 21. Nd2 Qd4 22. Nb3 Qxd1 23. Raxd1 Rac8 24. Nd4 Rc4 25. f3 Rxd4 26. Rxd4 Nc2 27. Red1 Nxd4 28. Rxd4 Rc8 29. Ra4 a5 30. Nb5 Rc1+ 31. Kh2 Ne8 32. Ra3 Kf8 33. Rb3 Rc8 34. Na7 Rb8 35. Nc6 Rb7 36. Nxa5 Ra7 37. Nc6 Rb7 38. Kg3 g6 39. Kf4 Nf6 40. Ke3 Nd7 41. Ra3 Kg7 42. Ra7 Rxa7 43. Nxa7 Kf6 44. Nc8 Ne5 45. Nxb6 Ke7 46. f4 1-0


[Site "https://www.chess.com"]

[Event "Titled Tuesday Blitz March 28 Early 2023"]
[White "Sarkar, Justin"]
[Black "Karamsetty, Jeevan"]
[WhiteFideId "2010011"]
[BlackFideId "2025337"]
[WhiteElo "2189"]
[BlackElo "2111"]
[Result "0-1"]
[Round "02"]
[TimeControl "180+2"]
[Date "2023.03.28"]
[WhiteClock "0:00:03"]
[BlackClock "0:01:05"]

1. d4 g6 2. e4 d6 3. c4 Bg7 4. Nc3 e5 5. dxe5 dxe5 6. Qxd8+ Kxd8 7. f4 Nc6 8. Nf3 Nd4 9. Kf2 Nxf3 10. gxf3 c6 11. fxe5 Bxe5 12. Be3 f5 13. Rd1+ Kc7 14. f4 Bxc3 15. bxc3 Nf6 16. e5 Ne4+ 17. Kf3 Nxc3 18. Rd3 Ne4 19. Be2 Be6 20. Rd4 c5 21. Rdd1 b6 22. Bd3 Nc3 23. Rd2 Rhd8 24. Rc1 Nxa2 0-1


[Site "https://www.chess.com"]

[Event "Titled Tuesday Blitz March 28 Early 2023"]
[White "Skaric, Djuro"]
[Black "Golubev, Mikhail"]
[WhiteFideId "934569"]
[BlackFideId "14100983"]
[WhiteElo "2282"]
[BlackElo "2374"]
[Result "1/2-1/2"]
[Round "02"]
[TimeControl "180+2"]
[Date "2023.03.28"]
[WhiteClock "0:00:51"]
[BlackClock "0:00:11"]

1. g3 g6 2. Bg2 Bg7 3. d3 e5 4. Nc3 d6 5. e4 Nf6 6. f4 Nc6 7. Nf3 exf4 8. gxf4 d5 9. e5 Nh5 10. O-O d4 11. Ne2 O-O 12. c3 dxc3 13. bxc3 f6 14. d4 Be6 15. Be3 Bd5 16. Ng3 Nxg3 17. hxg3 Na5 18. exf6 Bxf6 19. Ne5 Bxg2 20. Kxg2 Qd5+ 21. Qf3 Rad8 22. Qxd5+ Rxd5 23. Kf3 Bxe5 24. Ke4 Bxf4 25. Kxd5 Bxe3 26. Rxf8+ Kxf8 27. Ke6 Bd2 28. Rf1+ Ke8 29. Rf7 Bxc3 30. Rxh7 Bxd4 31. Rxc7 Nc6 32. Kd5 Bb6 33. Rxb7 Nd8 34. Rg7 Kf8 35. Rxg6 Kf7 36. Rh6 Ke7 37. Rh7+ Nf7 38. Kc6 Kf6 39. Rh4 Ne5+ 40. Kb7 Kg5 41. Ra4 Nd3 42. Rxa7 Bxa7 43. Kxa7 Nb2 44. Kb6 Kg4 45. Kb5 Kxg3 46. Kb4 Kf4 47. Kc3 Na4+ 48. Kb4 Nb6 49. Kb5 Nd5 50. Kc5 Nc3 51. a3 Ke3 52. Kc4 Kd2 53. Kb3 Kd3 54. Kb4 Kc2 55. Kc5 Kb3 56. Kd6 Nb5+ 57. Ke7 Nxa3 1/2-1/2


[Site "https://www.chess.com"]

[Event "Titled Tuesday Blitz March 28 Early 2023"]
[White "Bruedigam, Martin"]
[Black "Coelho, Ramyres Santana"]
[WhiteFideId "24608033"]
[BlackFideId "2120690"]
[WhiteElo "2331"]
[BlackElo "1888"]
[Result "1-0"]
[Round "02"]
[TimeControl "180+2"]
[Date "2023.03.28"]
[WhiteClock "0:00:03"]
[BlackClock "0:00:11"]

1. d4 Nf6 2. c4 g6 3. f3 d6 4. e4 Bg7 5. Nc3 O-O 6. Be3 e5 7. d5 Na6 8. g4 h5 9. h3 c6 10. Qd2 cxd5 11. cxd5 Nh7 12. g5 f5 13. gxf6 Qxf6 14. h4 Bd7 15. O-O-O Rfc8 16. Kb1 Nc5 17. Bh3 Bxh3 18. Rxh3 b5 19. Nxb5 Rcb8 20. Na3 Na4 21. Nc4 Qd8 22. b3 Nc5 23. Bxc5 dxc5 24. d6 Qd7 25. Rg3 Nf8 26. Qd5+ Kh8 27. Ne2 a5 28. Nb6 Rxb6 29. Qxa8 c4 30. Qxa5 Qb7 31. Nc1 cxb3 32. axb3 Nd7 33. Rg2 Bh6 34. Rb2 Nc5 35. Qc3 Nd7 36. Rd5 Rc6 37. Rd3 Rxc3 38. Rxc3 Bxc1 39. Rxc1 Qb6 40. Rd1 Qc6 41. Rc2 Qb6 42. Kb2 Nc5 43. Rxc5 Qxc5 44. d7 Qf2+ 45. Kb1 Qxf3 46. d8=Q+ Kg7 47. Rd7+ Kh6 48. Qh8# 1-0


[Site "https://www.chess.com"]

[Event "Titled Tuesday Blitz March 28 Early 2023"]
[White "Ardila, Oscar Humberto"]
[Black "Jumanov, Elbek"]
[WhiteFideId "4404742"]
[BlackFideId "14202905"]
[WhiteElo "1911"]
[BlackElo "2055"]
[Result "0-1"]
[Round "02"]
[TimeControl "180+2"]
[Date "2023.03.28"]
[WhiteClock "0:00:01"]
[BlackClock "0:02:30"]

1. d4 Nf6 2. c4 c5 3. dxc5 Na6 4. Nf3 Nxc5 5. e3 g6 6. Be2 Bg7 7. O-O d6 8. Nc3 O-O 9. Qc2 Bf5 10. e4 Nfxe4 11. Nxe4 Bxe4 12. Qd1 Rc8 13. Bg5 Bxb2 14. Rb1 Bxb1 15. Qxb1 Bg7 0-1


[Site "https://www.chess.com"]

[Event "Titled Tuesday Blitz March 28 Early 2023"]
[White "Garv Gaur"]
[Black "sebastianmarinp"]
[WhiteFideId "45030839"]
[WhiteElo "2068"]
[BlackElo "2302"]
[Result "1-0"]
[Round "02"]
[TimeControl "180+2"]
[Date "2023.03.28"]
[WhiteClock "0:00:21"]
[BlackClock "0:00:07"]

1. e4 e5 2. Nf3 Nc6 3. d3 Nf6 4. g3 d5 5. exd5 Nxd5 6. Bg2 Be6 7. O-O f6 8. Re1 Qd7 9. d4 O-O-O 10. dxe5 Bh3 11. c4 Bxg2 12. Kxg2 Ndb4 13. Qxd7+ Rxd7 14. e6 Rd8 15. Na3 Nd3 16. Re2 Nce5 17. Nc2 Nxf3 18. Kxf3 Bc5 19. b3 Rhe8 20. Bf4 g5 21. Bd2 Ne5+ 22. Kg2 Rxe6 23. f4 Red6 24. Bc3 Ng4 25. h3 Nh6 26. b4 Rd3 27. Bxf6 gxf4 28. Bxd8 Rxg3+ 29. Kh2 Bd6 30. c5 f3 31. cxd6 fxe2 32. Kxg3 1-0


[Site "https://www.chess.com"]

[Event "Titled Tuesday Blitz March 28 Early 2023"]
[White "Rosenberg, Evan S"]
[Black "Rom, Jasper"]
[WhiteFideId "2019299"]
[BlackFideId "2023733"]
[WhiteElo "2296"]
[BlackElo "2233"]
[Result "1-0"]
[Round "02"]
[TimeControl "180+2"]
[Date "2023.03.28"]
[WhiteClock "0:00:13"]
[BlackClock "0:00:01"]

1. d4 d5 2. Nf3 e6 3. g3 Nf6 4. Bg2 Nbd7 5. O-O Bd6 6. c4 c6 7. Nfd2 O-O 8. Nc3 dxc4 9. e4 e5 10. Nxc4 Bc7 11. d5 Nb6 12. b3 Nxc4 13. bxc4 Bb6 14. Ba3 Bd4 15. Rc1 Re8 16. Ne2 Qa5 17. Bd6 Bg4 18. h3 Bxe2 19. Qxe2 c5 20. Rb1 Qd8 21. Bxc5 Bxc5 22. Rxb7 Bb6 23. c5 Bxc5 24. Rbb1 Rb8 25. Rbc1 Bd4 26. Rc6 Rb2 27. Qa6 Rb6 28. Rxb6 Qxb6 29. Qa4 Rc8 30. g4 h6 31. Bf3 Rc3 32. Kg2 Qc5 33. h4 Rc2 34. g5 hxg5 35. hxg5 Nh7 36. g6 fxg6 37. Qe8+ Nf8 38. Bg4 Rxf2+ 39. Rxf2 Bxf2 40. Be6+ Kh7 41. Qf7 Be3 42. Qg8+ Kh6 43. Qh8+ Kg5 44. Qxg7 Qc2+ 45. Kh1 Qf2 46. Qxe5+ Kh6 47. Qh2+ 1-0


[Site "https://www.chess.com"]

[Event "Titled Tuesday Blitz March 28 Early 2023"]
[White "Jaskolka, Tomasz"]
[Black "Shtompel, Yuriy"]
[WhiteFideId "1170791"]
[BlackFideId "14168278"]
[WhiteElo "2155"]
[BlackElo "1844"]
[Result "0-1"]
[Round "02"]
[TimeControl "180+2"]
[Date "2023.03.28"]
[WhiteClock "0:00:38"]
[BlackClock "0:00:17"]

1. d4 Nf6 2. Bf4 e6 3. e3 d5 4. c3 c5 5. Nd2 Nc6 6. Ngf3 Bd6 7. Bg3 O-O 8. Bd3 h6 9. Ne5 Qc7 10. f4 Ne7 11. Bh4 Nd7 12. Bxe7 Bxe7 13. Qf3 cxd4 14. exd4 Nxe5 15. fxe5 Bg5 16. h4 Bxd2+ 17. Kxd2 f6 18. Raf1 Bd7 19. Qh5 Be8 20. Qg4 f5 21. Qe2 a6 22. g4 f4 23. g5 Kh8 24. Rfg1 Qf7 25. gxh6 gxh6 26. Bg6 f3 27. Bxf7 fxe2 28. Bxe8 Raxe8 29. Kxe2 Rg8 30. Ke3 Ref8 31. Rxg8+ Kxg8 32. Rf1 Rxf1 0-1


[Site "https://www.chess.com"]

[Event "Titled Tuesday Blitz March 28 Early 2023"]
[White "De Souza, Cristiano Gomes"]
[Black "Tanmay Jain"]
[WhiteFideId "2151758"]
[BlackFideId "45015481"]
[WhiteElo "2068"]
[BlackElo "2032"]
[Result "0-1"]
[Round "02"]
[TimeControl "180+2"]
[Date "2023.03.28"]
[WhiteClock "0:00:47"]
[BlackClock "0:00:19"]

1. d4 Nf6 2. c4 e6 3. Nf3 Be7 4. Nc3 d5 5. Bg5 O-O 6. Rc1 Ne4 7. Bxe7 Qxe7 8. cxd5 Nxc3 9. Rxc3 exd5 10. Qc1 c6 11. e3 Bf5 12. Be2 Nd7 13. O-O Nf6 14. a3 Ne4 15. Rb3 Bg4 16. Re1 Rab8 17. Nd2 Bxe2 18. Nxe4 Bc4 19. Nd2 Bxb3 20. Nxb3 Rfc8 21. Nc5 b6 22. Nd3 c5 23. Qd2 Qe4 24. f3 Qe7 25. Nf4 Rd8 26. dxc5 Qxc5 27. Rc1 Qd6 28. Rd1 d4 29. exd4 h6 30. g3 Rbc8 31. Kg2 Rc4 32. d5 Rdc8 33. Qd3 Rc2+ 34. Kh3 Qd7+ 35. g4 Qd6 36. Qe3 Rxb2 37. Rd2 Rxd2 38. Qxd2 Qxa3 39. Kg3 Qd6 40. Kh3 b5 41. Nh5 Rd8 42. Qb2 f6 43. Qxb5 Qxd5 44. Qe2 a5 45. Kg3 Qd6+ 46. Kh3 Kh8 47. Qe4 Qd7 48. Qg6 a4 49. Nxf6 gxf6 50. Qxh6+ Qh7 0-1


[Site "https://www.chess.com"]

[Event "Titled Tuesday Blitz March 28 Early 2023"]
[White "Ladan, Nicholas"]
[Black "Garrido, Denis"]
[WhiteFideId "30918855"]
[BlackFideId "601217"]
[WhiteElo "2167"]
[BlackElo "2283"]
[Result "1/2-1/2"]
[Round "02"]
[TimeControl "180+2"]
[Date "2023.03.28"]
[WhiteClock "0:00:06"]
[BlackClock "0:00:52"]

1. d4 Nf6 2. Bf4 g6 3. e3 Bg7 4. h4 d6 5. h5 Nxh5 6. Rxh5 gxh5 7. Qxh5 Nc6 8. Nf3 e5 9. dxe5 Nxe5 10. Nxe5 dxe5 11. Bxe5 Qd5 12. Bc4 Qxe5 13. Qxf7+ Kd8 14. Nc3 Qe7 15. O-O-O+ Bd7 16. Qf5 Rf8 17. Qg4 Bxc3 18. Be6 Qf6 19. Rxd7+ Ke8 20. Qh5+ Qg6 21. Qb5 Qxe6 22. Rd6+ Ke7 23. Rxe6+ Kxe6 24. Qc4+ Kd7 25. Qxc3 Rad8 26. f4 Rg8 27. Qb3 Kc8 28. Qe6+ Kb8 29. g4 Rge8 30. Qb3 Re4 31. Qc3 Rde8 32. b3 Rxe3 33. Qf6 a5 34. f5 a4 35. bxa4 R8e4 36. g5 Rg3 37. Qf8+ Ka7 38. Qc5+ Kb8 39. Qf8+ Ka7 40. Qc5+ Kb8 41. f6 Rf3 42. Qf8+ Ka7 43. Qc5+ Kb8 44. Qf8+ Ka7 45. f7 Ref4 46. Qc5+ Kb8 47. Qf8+ Ka7 48. Qc5+ Kb8 49. Qf8+ Ka7 1/2-1/2


[Site "https://www.chess.com"]

[Event "Titled Tuesday Blitz March 28 Early 2023"]
[White "Levitan, Caleb Levi"]
[Black "Bettalli, Francesco"]
[WhiteFideId "14332620"]
[BlackFideId "2816453"]
[WhiteElo "1963"]
[BlackElo "2216"]
[Result "1-0"]
[Round "02"]
[TimeControl "180+2"]
[Date "2023.03.28"]
[WhiteClock "0:00:12"]
[BlackClock "0:01:11"]

1. e4 g6 2. d4 Bg7 3. Nf3 d6 4. Bc4 Nd7 5. O-O Ngf6 6. e5 Ng4 7. e6 fxe6 8. Bxe6 Ndf6 9. Bb3 d5 10. h3 Nh6 11. Bf4 O-O 12. Qd2 Nf5 13. Be5 Ne4 14. Qe2 Bxe5 15. Qxe4 Bg7 16. Bxd5+ e6 17. Bxe6+ Bxe6 18. Qxe6+ Kh8 19. c3 Rf6 20. Qb3 Nd6 21. Nbd2 Qf8 22. Rae1 h6 23. Re2 g5 24. Rfe1 a5 25. Ne4 Rxf3 26. gxf3 Nf5 27. Qd1 Nh4 28. Re3 Qf5 29. Kh2 Rf8 30. Ng3 Qf4 31. Qd3 c5 32. dxc5 Be5 33. Qe4 Qxe4 34. fxe4 Nf3+ 35. Rxf3 Rxf3 36. Kg2 Rd3 37. Re2 Kg7 38. Nf5+ Kg6 39. Ne3 h5 40. Nc4 Bc7 41. Rd2 Rxd2 42. Nxd2 Kf6 43. Kf3 Ke5 44. Nc4+ Ke6 45. a4 Bd8 46. Ne3 Be7 47. b4 Bf6 48. Nd5 Be5 49. bxa5 Bb8 50. Nb4 Be5 51. a6 bxa6 52. Nxa6 Bxc3 53. Nc7+ Ke5 54. Nd5 Ba5 55. c6 Kd6 56. c7 Kd7 57. e5 Bxc7 58. Nxc7 Kxc7 59. a5 Kc6 60. Ke4 Kc7 61. Kf5 g4 62. hxg4 h4 63. Kf4 Kd7 64. a6 Kc6 65. a7 Kb7 66. e6 h3 67. Kg3 h2 68. Kxh2 Ka8 69. e7 Kb7 70. e8=Q Kxa7 71. Qe7+ Kb6 72. f4 Kc6 73. f5 Kb6 74. f6 Kc6 75. f7 Kb6 76. f8=Q Kc6 77. Qfd8 Kb5 78. Qb8+ Ka4 79. Qeb4# 1-0


[Site "https://www.chess.com"]

[Event "Titled Tuesday Blitz March 28 Early 2023"]
[White "Avalos Parra, Joao"]
[Black "Andreev, Konstantin"]
[WhiteFideId "3402541"]
[BlackFideId "24239305"]
[WhiteElo "2173"]
[BlackElo "2106"]
[Result "0-1"]
[Round "02"]
[TimeControl "180+2"]
[Date "2023.03.28"]
[WhiteClock "0:00:37"]
[BlackClock "0:00:33"]

1. d4 Nf6 2. c4 e6 3. Nc3 Bb4 4. Bd2 O-O 5. Nf3 Re8 6. e3 b6 7. Bd3 Bb7 8. O-O Bf8 9. e4 d6 10. Re1 c5 11. Qe2 e5 12. d5 a6 13. Nd1 Nbd7 14. Ne3 g6 15. h3 Bg7 16. Nh2 Kh8 17. Rf1 Nh5 18. g3 Rf8 19. Rab1 Qe7 20. b4 Rae8 21. bxc5 Nxc5 22. Rxb6 Qc7 23. Rfb1 Bc8 24. Rc6 Qd7 25. Rbb6 Qxh3 26. Nhf1 Nxd3 27. Qxd3 f5 28. Rxd6 f4 29. Nd1 Bg4 30. Be1 Bxd1 31. Qxd1 fxg3 32. Qe2 gxf2+ 33. Bxf2 Nf4 0-1


[Site "https://www.chess.com"]

[Event "Titled Tuesday Blitz March 28 Early 2023"]
[White "Zavortink, Matt"]
[Black "WindWhistler11"]
[WhiteFideId "2034263"]
[WhiteElo "2266"]
[BlackElo "2487"]
[Result "0-1"]
[Round "02"]
[TimeControl "180+2"]
[Date "2023.03.28"]
[WhiteClock "0:00:06"]
[BlackClock "0:00:10"]

1. c4 Nf6 2. Nc3 d6 3. d4 Nbd7 4. e4 e5 5. d5 Be7 6. h3 Nf8 7. Be3 Ng6 8. g3 O-O 9. Bg2 a6 10. Nge2 Rb8 11. a4 Bd7 12. a5 Qc8 13. Nc1 b5 14. axb6 cxb6 15. Qb3 b5 16. cxb5 Bxb5 17. Nxb5 Rxb5 18. Qa3 Qc4 19. b3 Qc3+ 20. Bd2 Qc2 21. Ra2 Qc7 22. O-O Ra8 23. Nd3 Nd7 24. Rc1 Qb7 25. b4 Bd8 26. Kh2 h6 27. Rac2 Bb6 28. Rc6 Qb8 29. Qc3 Ne7 30. Bf3 Bd4 31. Qc2 Nxc6 32. dxc6 Nb6 33. c7 Qb7 34. Bg4 Nc8 35. Qc4 Ra7 36. Qc6 Nb6 37. Qxb6 Bxb6 38. c8=Q+ Qxc8 39. Rxc8+ Kh7 40. Rc6 Bc7 41. Bc8 Rb8 42. Bd7 Bb6 43. Bf5+ g6 44. Bg4 Bd4 45. Kg2 Rbb7 46. f4 Rc7 47. Rxc7 Rxc7 48. fxe5 dxe5 49. Kf3 Rc2 50. Be3 Rc3 51. Ke2 Rc2+ 52. Bd2 Ra2 53. Bf3 Bc3 54. Nc1 Rxd2+ 55. Ke3 Rc2 56. Nd3 Bd4# 0-1


[Site "https://www.chess.com"]

[Event "Titled Tuesday Blitz March 28 Early 2023"]
[White "Sztokbant, Bernardo Vainzoff"]
[Black "Abrosimov, Vladimir"]
[WhiteFideId "2115956"]
[BlackFideId "4166892"]
[WhiteElo "2222"]
[BlackElo "2336"]
[Result "1-0"]
[Round "02"]
[TimeControl "180+2"]
[Date "2023.03.28"]
[WhiteClock "0:00:11"]
[BlackClock "0:00:06"]

1. e4 c5 2. Nf3 d6 3. d4 cxd4 4. Nxd4 Nf6 5. Nc3 a6 6. Bc4 e6 7. Bb3 Be7 8. O-O O-O 9. f4 Bd7 10. Qf3 Nc6 11. Be3 Qc7 12. Nde2 b5 13. Rad1 b4 14. Na4 Na5 15. Bb6 Qb7 16. Bxa5 Qb5 17. Bb6 Rab8 18. Be3 Qa5 19. e5 Nd5 20. Bxd5 Qxa4 21. Bb3 Qb5 22. exd6 Bf6 23. Nd4 Qa5 24. f5 exf5 25. Nxf5 Rfe8 26. Nh6+ Kf8 27. Nxf7 Be6 28. d7 Bxf7 29. dxe8=Q+ Rxe8 30. Bxf7 Kxf7 31. Bd4 Re6 32. Bxf6 Rxf6 33. Qb7+ Kg6 34. Qe4+ Kf7 35. Rd7+ Kf8 36. Qe7+ Kg8 37. Qe8+ Rf8 38. Qxf8# 1-0


[Site "https://www.chess.com"]

[Event "Titled Tuesday Blitz March 28 Early 2023"]
[White "Bethke, Richard"]
[Black "Ruge, Edison"]
[WhiteFideId "12959243"]
[BlackFideId "4401000"]
[WhiteElo "2369"]
[BlackElo "2175"]
[Result "0-1"]
[Round "02"]
[TimeControl "180+2"]
[Date "2023.03.28"]
[WhiteClock "0:00:51"]
[BlackClock "0:00:27"]

1. e4 e5 2. Nf3 Nc6 3. Bc4 Be7 4. O-O Nf6 5. d4 d6 6. Nc3 Bg4 7. d5 Nd4 8. Be2 Nxe2+ 9. Qxe2 O-O 10. Qd3 h6 11. Nd2 a6 12. a4 Nh5 13. Nc4 Bd7 14. Na5 Rb8 15. Be3 Qc8 16. b4 f5 17. f3 f4 18. Bf2 g5 19. b5 axb5 20. Nxb5 Ra8 21. Nb3 g4 22. fxg4 Bxg4 23. c4 f3 24. g3 Bh3 25. Rfc1 Bg5 26. Rc2 Bg2 27. Be3 Qh3 28. Bxg5 Nxg3 29. Rxg2 Qxg2# 0-1


[Site "https://www.chess.com"]

[Event "Titled Tuesday Blitz March 28 Early 2023"]
[White "Schut, Han"]
[Black "Urbina Perez, Juan Antonio"]
[WhiteFideId "1005561"]
[BlackFideId "2217368"]
[WhiteElo "2024"]
[BlackElo "2197"]
[Result "1-0"]
[Round "02"]
[TimeControl "180+2"]
[Date "2023.03.28"]
[WhiteClock "0:00:15"]
[BlackClock "0:00:48"]

1. e4 c5 2. Nf3 d6 3. d4 cxd4 4. Nxd4 Nf6 5. f3 e5 6. Bb5+ Bd7 7. Bxd7+ Qxd7 8. Nf5 h6 9. c4 Nc6 10. Nc3 g6 11. Ne3 Bg7 12. Ned5 Nxd5 13. Nxd5 Ne7 14. Nc3 O-O 15. Be3 a6 16. Qd2 b5 17. cxb5 axb5 18. Bxh6 b4 19. Nd5 Nxd5 20. Bxg7 Kxg7 21. Qxd5 Qa7 22. Qd2 b3 23. a3 Rac8 24. Rc1 Rxc1+ 25. Qxc1 Qa5+ 26. Qd2 Qb6 27. Ke2 f5 28. exf5 Rxf5 29. Rd1 e4 30. Qd4+ Qxd4 31. Rxd4 exf3+ 32. gxf3 Rc5 33. Rxd6 Kf7 34. Rd2 Ke6 35. Kd1 Ke5 36. Rd3 Rc2 37. Rxb3 Rxh2 38. a4 Rh4 39. Ra3 Rb4 40. Kc2 Kd4 41. a5 Rb7 42. a6 Ra7 43. Kd2 Kc4 44. Ke3 g5 45. Kf2 Kd4 46. Kg3 Ke5 47. Kg4 Kf6 48. Ra5 Ke6 49. b4 Kd6 50. Kxg5 Kc6 51. f4 Kb6 52. Ra3 Rg7+ 53. Kf6 Ra7 54. f5 Kb5 55. Ke6 Kxb4 56. Ra1 Ra8 57. a7 Kb3 58. f6 Kb2 59. Ra6 Kc3 60. f7 Kb4 61. Ke7 Kb5 62. Ra1 Kc6 63. f8=Q Rxf8 64. Kxf8 1-0


[Site "https://www.chess.com"]

[Event "Titled Tuesday Blitz March 28 Early 2023"]
[White "Koc, Przemyslaw"]
[Black "Marchesich, Giovanni"]
[WhiteFideId "1109081"]
[BlackFideId "2824790"]
[WhiteElo "2161"]
[BlackElo "2209"]
[Result "1-0"]
[Round "02"]
[TimeControl "180+2"]
[Date "2023.03.28"]
[WhiteClock "0:00:24"]
[BlackClock "0:00:09"]

1. Nf3 c5 2. e3 Nc6 3. d4 d5 4. b3 Bg4 5. Bb2 Rc8 6. Nbd2 Nf6 7. h3 Bf5 8. a3 h6 9. dxc5 e6 10. b4 a5 11. c3 e5 12. Be2 e4 13. Nd4 Bg6 14. O-O Ne5 15. c4 Nd3 16. Bxd3 exd3 17. cxd5 Qxd5 18. Qa4+ Nd7 19. e4 Qg5 20. f4 Qg3 21. Rf3 Qh4 22. Raf1 Bh5 23. g4 Bxg4 24. hxg4 Qxg4+ 25. Kh2 Bxc5 26. bxc5 Rxc5 27. Nf5 g6 28. Rxd3 Qe2+ 29. Kg1 Qxd3 30. Bxh8 gxf5 31. Nf3 fxe4 32. Qd4 Rd5 33. Qxd3 Rxd3 34. Nd4 f6 35. Nf5 Kf7 36. Kg2 Rxa3 37. Rd1 Nf8 38. Rd6 Ng6 39. Nxh6+ Ke7 40. Rxf6 Rf3 41. Rxg6 a4 42. f5 a3 43. Be5 b5 44. Rg7+ Ke8 45. f6 b4 46. Rb7 b3 47. f7+ Kd8 48. Rxb3 a2 49. Rxf3 exf3+ 50. Kxf3 Ke7 51. Bg7 a1=Q 52. f8=Q+ 1-0


[Site "https://www.chess.com"]

[Event "Titled Tuesday Blitz March 28 Early 2023"]
[White "monkins"]
[Black "Kubatko, Ivan"]
[BlackFideId "24111473"]
[WhiteElo "2257"]
[BlackElo "2285"]
[Result "1-0"]
[Round "02"]
[TimeControl "180+2"]
[Date "2023.03.28"]
[WhiteClock "0:00:30"]
[BlackClock "0:00:01"]

1. Nf3 d5 2. c4 e6 3. g3 Nf6 4. Bg2 c5 5. cxd5 exd5 6. d4 Nc6 7. O-O Be7 8. dxc5 Bxc5 9. a3 O-O 10. b4 Bb6 11. Bb2 Re8 12. Nc3 Bg4 13. Na4 Bc7 14. Rc1 Ne4 15. Nc5 Nxc5 16. Rxc5 Qe7 17. Re1 Be6 18. Nd4 Bb6 19. Nxc6 bxc6 20. Rxc6 Rad8 21. Bd4 Qd7 22. b5 Bh3 23. Bxb6 axb6 24. Rxb6 Bxg2 25. Kxg2 d4 26. Qd3 Qd5+ 27. Qf3 Qc5 28. Rb7 Rf8 29. Rd1 h5 30. h4 Rd5 31. Rd3 Rf5 32. Qc6 Qe5 33. e3 dxe3 34. Rxe3 Qb2 35. Rf3 Rxf3 36. Qxf3 f6 37. Qd5+ Kh7 38. Qxh5+ Kg8 39. Qd5+ Kh7 40. a4 Qc3 41. Qh5+ Kg8 42. Qg6 1-0


[Site "https://www.chess.com"]

[Event "Titled Tuesday Blitz March 28 Early 2023"]
[White "Khamdamova, Afruza"]
[Black "Vadim_Galchenko"]
[WhiteFideId "14210444"]
[WhiteElo "2210"]
[BlackElo "2256"]
[Result "0-1"]
[Round "02"]
[TimeControl "180+2"]
[Date "2023.03.28"]
[WhiteClock "0:00:02"]
[BlackClock "0:01:13"]

1. e4 e6 2. d4 d5 3. Nd2 c5 4. Ngf3 cxd4 5. exd5 Qxd5 6. Bc4 Qd6 7. O-O Nf6 8. Nb3 Nc6 9. Nbxd4 Nxd4 10. Nxd4 a6 11. Bb3 Qc7 12. Re1 Bd7 13. c3 Bd6 14. Nf5 Bxh2+ 15. Kh1 O-O-O 16. Nxg7 Rhg8 17. Bg5 Bc6 18. Bxf6 Rxd1 19. Raxd1 Kb8 20. f3 Qg3 21. Re3 Rxg7 22. Bxg7 Qxg7 23. g4 Qxg4 24. Bd5 Bxd5 25. c4 Bxf3+ 0-1


[Site "https://www.chess.com"]

[Event "Titled Tuesday Blitz March 28 Early 2023"]
[White "Qashashvili, Alexandre"]
[Black "Pein, Jonathan"]
[WhiteFideId "13600842"]
[BlackFideId "417092"]
[WhiteElo "2405"]
[BlackElo "2151"]
[Result "0-1"]
[Round "02"]
[TimeControl "180+2"]
[Date "2023.03.28"]
[WhiteClock "0:01:16"]
[BlackClock "0:00:52"]

1. e4 e5 2. Nc3 d6 3. Nf3 Nf6 4. d4 exd4 5. Nxd4 g6 6. Bc4 Bg7 7. O-O O-O 8. h3 a6 9. a3 Re8 10. Re1 b5 11. Ba2 Bb7 12. Bg5 h6 13. Bxf6 Qxf6 14. Bd5 c6 15. Bxf7+ Kxf7 16. Nf3 Nd7 17. Qd2 Kg8 18. Rad1 Ne5 19. Qxd6 Nxf3+ 20. gxf3 Qxf3 21. Qxg6 Re5 22. h4 Rf8 23. Re2 Bc8 24. Qxc6 Bh3 25. Qg6 Rg5+ 26. Qxg5 hxg5 27. Rd3 Qg2# 0-1


[Site "https://www.chess.com"]